 Dungeon Crawl Stone Soup version 0.28.0-53-g5a82cb258f (webtiles) character file.

Game seed: 13396450876575800184

76 Plasmagod the Covered (level 4, -7/37 HPs)
             Began as a Formicid Fighter on July 25, 2022.
             Was a Follower of Makhleb.
             Mangled by Crazy Yiuf
             ... wielding a +4 quarterstaff of chaos
              (12 damage)
             ... on level 2 of the Dungeon.
             The game lasted 00:03:27 (1608 turns).

Plasmagod the Covered (Formicid Fighter)            Turns: 1608, Time: 00:03:28

Health: -7/37      AC:  7    Str: 22    XL:     4   Next: 57%
Magic:  4/4        EV:  9    Int:  8    God:    Makhleb [*.....]
Gold:   66         SH:  4    Dex: 10    Spells: 3/3 levels left

rFire   . . .      SeeInvis +   a - +0 quarterstaff
rCold   . . .      Faith    .   c - +0 buckler
rNeg    . . .      Spirit   .   b - +0 scale mail
rPois   .          Reflect  .   (helmet unavailable)
rElec   .          Harm     .   (no cloak)
rCorr   +          Rampage  .   (no gloves)
Will    .....                   (no boots)
Stlth   ..........              (no amulet)
HPRegen 0.12/turn               g - ring of resist corrosion
MPRegen 0.09/turn               (no ring)

@: no status effects
A: permanent stasis, dig shafts and tunnels, antennae 3, four strong arms
a: Dig, Shaft Self, Renounce Religion


You were on level 2 of the Dungeon.
You worshipped Makhleb.
Makhleb was aware of your devotion.
You visited 1 branch of the dungeon, and saw 2 of its levels.

You collected 66 gold pieces.

Inventory:

Hand Weapons
 a - a +0 quarterstaff (weapon)
Armour
 b - a +0 scale mail (worn)
 c - a +0 buckler (worn)
Jewellery
 g - a ring of resist corrosion (left hand)
Scrolls
 f - 2 scrolls of identify {unknown}
 h - a scroll of teleportation {unknown}
Potions
 d - a potion of might
 e - a potion of lignification {unknown}
 i - a potion of curing {unknown}
 j - a potion of attraction {unknown}


   Skills:
 + Level 4.0 Fighting
 + Level 3.0 Staves
 + Level 4.0 Armour
 + Level 0.1 Dodging
 + Level 3.7 Shields


You had 3 spell levels left.
You didn't know any spells.
Your spell library was empty.

Dungeon Overview and Level Annotations

Branches:
Dungeon (2/15)

Altars:
Makhleb

Shops:
D:1 !

Annotations:
D:2 Crazy Yiuf


Innate Abilities, Weirdness & Mutations

You cannot be hasted, slowed, berserked, paralysed or teleported.
You can dig through walls and to a lower floor.
You have a pair of large antennae on your head. (SInv)
Your four strong arms can wield two-handed weapons with a shield.


Message History

Found four maces.
You barely miss the kobold. The kobold hits you with a +0 club. x2
You miss the kobold. The kobold hits you with a +0 club.
You hit the kobold but do no damage. The kobold hits you but does no damage.
You closely miss the kobold. The kobold closely misses you.
You sock the kobold!
You kill the kobold!
Makhleb accepts your kill.
You feel better.
No target in view!
Found three maces.
Found a stone staircase leading up.
Things that are here:
a +0 club; a stone
Found a mace.
Found a mace.
You see here a +0 mace.
You see here a +0 mace.
You open the door.
You see here a +0 mace.
You see here a +0 mace.
Found a mace.
Found a runed translucent door.
Crazy Yiuf shouts!
You sense a monster nearby.
You open the door. You hit Crazy Yiuf.
Crazy Yiuf is lightly wounded.
Crazy Yiuf hits you with a +4 quarterstaff of chaos!
You are electrocuted!!
Ouch! That really hurt!
* * * LOW HITPOINT WARNING * * *
You barely miss Crazy Yiuf.
Crazy Yiuf is lightly wounded.
Crazy Yiuf barely misses you. You block Crazy Yiuf's attack.
You closely miss Crazy Yiuf.
Crazy Yiuf is lightly wounded.
Crazy Yiuf closely misses you.
You hit Crazy Yiuf.
Crazy Yiuf is moderately wounded.
Crazy Yiuf hits you with a +4 quarterstaff of chaos!
You die...

#......# #.<....
###..... .....# #...#
#####...##♣♣♣♣♣
#...)...)+).♣.♣♣♣ ###
..####.)).)).♣..♣#...#
.## #..).))♣♣♣♣@g...#
## ##))')♣♣ ♣♣#..)# #
####♣♣ ### ### ..#
#.### #..<# ..#.#
#.....


You could see Crazy Yiuf.

Vanquished Creatures
  4 gnolls
  2 dart slugs
  3 endoplasms (D:1)
  2 giant cockroaches (D:1)
  2 goblins (D:1)
  A hobgoblin (D:1)
  5 kobolds
  2 quokkas (D:1)
  5 ball pythons
  A bat (D:1)
  3 frilled lizards (D:1)
  7 rats
37 creatures vanquished.

Notes
Turn   | Place    | Note
-------+----------+-------------------------------------------
     0 | D:1      | Plasmagod the Formicid Fighter began the quest for the Orb.
     0 | D:1      | Reached XP level 1. HP: 18/18 MP: 1/1
   229 | D:1      | Reached XP level 2. HP: 24/24 MP: 2/2
   575 | D:1      | Found Ynka's Distillery.
   613 | D:1      | Reached XP level 3. HP: 15/30 MP: 3/3
  1269 | D:2      | Found a faded altar of an unknown god.
  1276 | D:2      | Reached XP level 4. HP: 31/37 MP: 4/4
  1520 | D:2      | Prayed at the altar of an unknown god.
  1520 | D:2      | Became a worshipper of Makhleb the Destroyer
  1520 | D:2      | Reached * piety under Makhleb
  1600 | D:2      | Found a runed translucent door.
  1601 | D:2      | Noticed Crazy Yiuf
  1608 | D:2      | Mangled by Crazy Yiuf

Illustrated notes

Levels and vault maps discovered:
D:1:      dpeg_arrival_ratfight, layout_loops_ring, serial_shops, shop
D:2:      layout_rooms, serial_shops, nicolae_shop_competitors_out_of_business,
          shop, shop, shop, shop, nicolae_ecumenical_pavilion, uniq_jessica,
          uniq_crazy_yiuf_cottage

Skill      XL: |  1  2  3  4 |
---------------+-------------+-----
Armour         | 4 |  4.0
Staves         | 3 |  3.0
Fighting       | 4 |  4.0
Dodging        | |  0.1
Shields        | |  3.7

Action                   |  1- 3 |  4- 6 || total
-------------------------+-------+-------++-------
Melee: Quarterstaff      |    81 |    19 ||   100
 Abil: Dig               |     1 |       ||     1
Armor: Scale mail        |    33 |     2 ||    35
Dodge: Dodged            |    28 |     7 ||    35
Block: Buckler           |    13 |     4 ||    17
